 Seeded DCSS version 0.30.0 (webtiles) character file.

Game seed: 7229806256980976716 (custom seed)

1 bananamous the Trooper (level 1, 19/19 HPs)
             Began as a Draconian Berserker on July 12, 2023.
             Was a Follower of Trog.
             Got out of the dungeon alive.
             The game lasted 00:02:02 (263 turns).

bananamous the Trooper (Draconian Berserker)         Turns: 263, Time: 00:02:02

Health: 19/19      AC:  4    Str: 19    XL:     1   Next: 16%
Magic:  1/1        EV: 12    Int:  7    God:    Trog [*.....]
Gold:   0          SH:  0    Dex: 10    Spells: 0/0 levels left

rFire   . . .        a - +0 mace
rCold   . . .        (no shield)
rNeg    . . .        (body armour unavailable)
rPois   .            (helmet restricted)
rElec   .            (no cloak)
rCorr   .            (no gloves)
SInv    .            (no boots)
Will    .....        (no amulet)
Stlth   +            (no ring)
HPRegen 0.23/turn    (no ring)
MPRegen 0.07/turn

%: no passive effects
@: no status effects
A: AC +4, unfitting armour, cold-blooded
a: Renounce Religion, Berserk


You escaped.
You worshipped Trog.
Trog was aware of your devotion.
You visited 1 branch of the dungeon, and saw 1 of its levels.

Inventory:

Hand Weapons
 a - a +0 mace (weapon)
 e - a +2 dagger of electrocution
Armour
 c - a +0 cloak of willpower
 d - the +0 hat of the Eight Wishes {Will+ Str+3}
   (You acquired it on level 1 of the Dungeon)

   Str:       It affects your strength (+3).
   Will:      It increases your willpower.
Scrolls
 b - 2 scrolls of amnesia {unknown}


   Skills:
 + Level 3.3 Fighting
 + Level 3.0 Maces & Flails
 + Level 2.7 Dodging


You couldn't memorise any spells.
You didn't know any spells.
Your spell library was empty.

Dungeon Overview and Level Annotations

Branches:
Dungeon (1/15)

Altars:


Innate Abilities, Weirdness & Mutations

Your plain brown scales are hard. (AC +4)
You cannot fit into any form of body armour.
You are cold-blooded and may be slowed by cold attacks.


Message History

There is an open door here.
Found 17 gold pieces.
Found 2 scrolls labelled FUSKUR VIKLOEP.
b - 2 scrolls labelled FUSKUR VIKLOEP A quokka comes into view.
Found 3 scrolls labelled RAGIOR NADERHA.
Found 3 stones.
c - 3 scrolls labelled RAGIOR NADERHA This is a scroll of acquirement!
Something appears at your feet!
Unknown command.
d - the +0 hat of the Eight Wishes {Will+ Str+3}
There is an open door here.
There is a staircase leading out of the dungeon here.
There is an open door here.
There is a staircase leading out of the dungeon here.
There is an open door here.
Something appears at your feet!
e - a +2 dagger of electrocution Something appears at your feet!
c - a +0 cloak of willpower Unknown command.
(D) Dungeon
Where to? (Enter - D:1 @ (x,y), ? - help)
What level of the Dungeon? (default 1, ? - help)
What level of the Dungeon? (default 1, ? - help)
You hit the quokka.
The quokka is heavily wounded.
The quokka barely misses you. The quokka misses you.
You hit the quokka.
You kill the quokka!
Trog accepts your kill.
No target in view!
No target in view!
You start waiting.
Done waiting.
There is an open door here.
There is a staircase leading out of the dungeon here.
Are you sure you want to leave the Dungeon?
This will make you lose the game!
You have escaped!

.# # ###.#
####.#####...#
.............#
.##+#+#'##..$#
###.#.#.###..#
##⌠.P.P.⌠##.##
##.......###.##
##...@...####.##
###########..#.#
##♣..>..♣###..##
##.......###.##
##♣.⌠_⌠.♣##..#########
#####⌠#####...........
############.########
#.# #.#


There were no monsters in sight!

Vanquished Creatures
  A quokka (D:1)
1 creature vanquished.

Notes
Turn   | Place    | Note
-------+----------+-------------------------------------------
     0 | D:1      | bananamous the Draconian Berserker began the quest for the
                  | Orb.
     0 | D:1      | Reached XP level 1. HP: 19/19 MP: 1/1
    40 | D:1      | Identified 3 scrolls of acquirement
    40 | D:1      | Acquired the +0 hat of the Eight Wishes {Will+ Str+3}
   111 | D:1      | Acquired a +2 dagger of electrocution
   124 | D:1      | Acquired a +0 cloak of willpower
   263 | D:$      | Got out of the dungeon alive.

Illustrated notes

Levels and vault maps discovered:
D:1:      spicycebolla_arrival_ecumenical, layout_loops_ring

Action                     || total
---------------------------++-------
  Melee: Mace              ||     2
    Use: Scroll            ||     3
  Dodge: Dodged            ||     2
